AoeStats
← speed demon

Arabia

509674931Analyzed
2v2 RM · 4d ago on Sep 27, 2026· 52m 35s· 4 players
Game mode
Random Map
Map size
Medium (4 player)
Population
200
Speed
Normal
Resources
Standard
Victory
Conquest
Starting age
Dark Age
Ending age
Imperial Age
RankedLock teamsTeams togetherTeam positionsShared explorationLock speedFull tech treeHidden civsTurbo modeCheats
Victory
Defeat
🇨🇳 Poles · China
1333
+13
🇨🇳 Turks · China
1320
+14
🇮🇳 Dravidians · India
1275
-13
🇮🇳 Magyars · India
1275
-14
GRIM REAPER
10:30 Feudal Age
10:35 Loom
10:47 Man-at-Arms
17:58 Fletching
18:16 Horse Collar
19:12 Double-Bit Axe
21:08 Padded Archer Armor
24:15 Castle Age
25:02 Bodkin Arrow
24:28 Crossbowman
26:03 Leather Archer Armor
30:11 Thumb Ring
49:38 Ballistics
53:56 Imperial Age
speed demon
7:25 Loom
9:54 Feudal Age
12:18 Town Watch
24:01 Castle Age
23:40 Bloodlines
39:25 Scale Barding Armor
是关中王来了
9:54 Feudal Age
11:11 Double-Bit Axe
12:27 Loom
13:18 Scale Barding Armor
13:26 Bloodlines
21:41 Forging
23:07 Horse Collar
27:57 Castle Age
26:10 Gold Mining
26:10 Stone Mining
32:05 Light Cavalry
34:30 Husbandry
40:30 Heavy Plow
44:51 Bow Saw
46:57 Wheelbarrow
47:31 Chain Barding Armor
51:56 Stone Shaft Mining
禾白小彡
10:44 Feudal Age
11:18 Town Watch
11:06 Man-at-Arms
16:48 Double-Bit Axe
18:15 Stone Mining
20:58 Castle Age
20:50 Horse Collar
21:49 Forging
21:32 Fletching
21:50 Loom
26:16 Wheelbarrow
30:55 Gold Mining
33:27 Padded Archer Armor
34:24 Hand Cart
38:08 Imperial Age
36:34 Bloodlines
36:41 Town Watch
37:51 Leather Archer Armor
38:19 Forging
40:52 Ring Archer Armor
42:11 Elite Janissary
43:12 Conscription
42:59 Town Patrol
44:59 Guilds
45:28 Iron Casting
44:58 Scale Barding Armor
45:04 Husbandry
45:05 Scale Mail Armor
44:54 Capped Ram
47:40 Blast Furnace
48:41 Chain Barding Armor
50:07 Siege Ram
51:34 Plate Barding Armor
50:55 Heavy Camel Rider
52:57 Bow Saw
52:50 Bodkin Arrow
Connection lost

Rejoining the realm…

Still unreachable

The connection could not be restored.

Session expired

The server has moved on; the page needs a fresh start.